ITL
BIRMINGHAM BARONS @ CHATTANOOGA CHINPOKOMON
08/16/2029
 
TOP OF THE 1ST
Birmingham Barons batting - Pitching for Chattanooga Chinpokomon : RHP Jorge Amador
Pitching: RHP Jorge Amador
Batting: RHB Warren Martin 0-0: Ball
1-0: Ground out 6-3 (Groundball, 6)
Batting: RHB José Montoya 0-0: Ball
1-0: SINGLE (Flyball, 78S)
Batting: LHB José Rivera 0-0: Called Strike
0-1: Ball
1-1: Ball
2-1: Ball
3-1: Fly out, F8 (Flyball, 8RD)
Batting: RHB Bryant von Bohlen 0-0: Called Strike
0-1: Called Strike
José Montoya steals 2nd base
0-2: Ball
1-2: SINGLE (Line Drive, 3S)
José Montoya to third
Runner from 3rd tries for Home, SAFE, throw made home
Batting: LHB Robinson López 0-0: Ball
1-0: Foul Ball, location: 2F
1-1: Ball
2-1: Called Strike
2-2: Ball
3-2: Base on Balls
Bryant von Bohlen to second
Batting: RHB Carlos Vásquez 0-0: Ball
1-0: Foul Ball, location: 2F
1-1: Foul Ball, location: 2F
1-2: Foul Ball, location: 2F
1-2: Fly out, F8 (Flyball, 8RM)
Top of the 1st over - 1 run, 2 hits, 0 errors, 2 left on base; Birmingham 1 - Chattanooga 0
BOTTOM OF THE 1ST
Chattanooga Chinpokomon batting - Pitching for Birmingham Barons : RHP Pedro Valdés
Pitching: RHP Pedro Valdés
Batting: LHB Elvin Summers 0-0: Ground out 4-3 (Groundball, 4)
Batting: RHB Luis Antonio Velásquez 0-0: Ball
1-0: Ball
2-0: SOLO HOME RUN (Flyball, 7D), Distance : 377 ft
Batting: LHB José Costa 0-0: Called Strike
0-1: Ball
1-1: Ball
2-1: Ball
3-1: Swinging Strike
3-2: Base on Balls
Batting: LHB Ramiro Muñóz 0-0: Swinging Strike
0-1: Ball
1-1: Ball
2-1: Foul Ball, location: 2F
2-2: Ball
3-2: Strikes out swinging
José Costa is caught stealing 2nd base
Batter strikes out.
Bottom of the 1st over - 1 run, 1 hit, 0 errors, 0 left on base; Birmingham 1 - Chattanooga 1
TOP OF THE 2ND
Birmingham Barons batting - Pitching for Chattanooga Chinpokomon : RHP Jorge Amador
Batting: LHB Curt Walker 0-0: Called Strike
0-1: Swinging Strike
0-2: Foul Ball, location: 2F
0-2: SINGLE (Flyball, 78M)
Batting: RHB Dean Bailey 0-0: Called Strike
0-1: Swinging Strike
0-2: Ball
1-2: Foul Ball, location: 2F
1-2: Strikes out swinging
Batting: LHB John Haney 0-0: Ball
1-0: Fielders Choice at 2nd, 4-6 (Groundball, 4)
Batting: RHB Warren Martin 0-0: Ball
John Haney steals 2nd base
1-0: Ball
2-0: Foul Ball, location: 2F
2-1: Swinging Strike
2-2: Ball
3-2: DOUBLE (Line Drive, 7LM)
John Haney scores
Batting: RHB José Montoya 0-0: Swinging Strike
0-1: Foul Ball, location: 2F
0-2: Ball
1-2: Foul Ball, location: 2F
1-2: Foul Ball, location: 2F
1-2: Ball
2-2: Ground out 5-3 (Groundball, 56S)
Top of the 2nd over - 1 run, 2 hits, 0 errors, 1 left on base; Birmingham 2 - Chattanooga 1
BOTTOM OF THE 2ND
Chattanooga Chinpokomon batting - Pitching for Birmingham Barons : RHP Pedro Valdés
Batting: RHB Patrick Potts 0-0: Foul Ball, location: 2F
0-1: Ball
1-1: Ball
2-1: Ball
3-1: Fly out, F7 (Flyball, 7S)
Batting: RHB Ricardo Salazar 0-0: Called Strike
0-1: Ball
1-1: Ball
2-1: SINGLE (Groundball, 34D)
Batting: RHB Ichizo Akiyama 0-0: Called Strike
0-1: Ball
1-1: Foul Ball, location: 2F
1-2: Strikes out looking
Batting: SHB Darrel Lang 0-0: Ball
1-0: Foul Ball, location: 2F
1-1: Foul Ball, location: 2F
1-2: Ball
2-2: Ball
3-2: Strikes out looking
Bottom of the 2nd over - 0 runs, 1 hit, 0 errors, 1 left on base; Birmingham 2 - Chattanooga 1
TOP OF THE 3RD
Birmingham Barons batting - Pitching for Chattanooga Chinpokomon : RHP Jorge Amador
Batting: LHB José Rivera 0-0: Called Strike
0-1: Ball
1-1: Ball
2-1: Swinging Strike
2-2: Strikes out swinging
Batting: RHB Bryant von Bohlen 0-0: Ground out U3 (Groundball, 34S)
Batting: LHB Robinson López 0-0: Ball
1-0: Ball
2-0: Ball
3-0: Base on Balls
Batting: RHB Carlos Vásquez 0-0: Ball
1-0: Swinging Strike
1-1: Ball
2-1: Foul Ball, location: 2F
2-2: Strikes out looking
Top of the 3rd over - 0 runs, 0 hits, 0 errors, 1 left on base; Birmingham 2 - Chattanooga 1
BOTTOM OF THE 3RD
Chattanooga Chinpokomon batting - Pitching for Birmingham Barons : RHP Pedro Valdés
Batting: SHB Roberto Rivera 0-0: Ball
1-0: Ground out 4-3 (Groundball, 4)
Batting: LHB Elvin Summers 0-0: Ball
1-0: Foul Ball, location: 2F
1-1: SINGLE (Flyball, 78S)
Batting: RHB Luis Antonio Velásquez 0-0: SINGLE (Groundball, 56D)
Elvin Summers to second
Batting: LHB José Costa 0-0: Ball
1-0: Ball
Elvin Summers steals 3rd base
2-0: Called Strike
2-1: Ball
3-1: Base on Balls
Luis Antonio Velásquez to second
Batting: LHB Ramiro Muñóz 0-0: Called Strike
0-1: Swinging Strike
0-2: Ball
1-2: Ball
2-2: Strikes out swinging
Batting: RHB Patrick Potts 0-0: Swinging Strike
0-1: Swinging Strike
0-2: Ball
1-2: Foul Ball, location: 2F
1-2: Ball
2-2: Fly out, F3 (Popup, 3SF)
Bottom of the 3rd over - 0 runs, 2 hits, 0 errors, 3 left on base; Birmingham 2 - Chattanooga 1
TOP OF THE 4TH
Birmingham Barons batting - Pitching for Chattanooga Chinpokomon : RHP Jorge Amador
Batting: LHB Curt Walker 0-0: Foul Ball, location: 2F
0-1: Fly out, F9 (Flyball, 9)
Batting: RHB Dean Bailey 0-0: Ball
1-0: Called Strike
1-1: Ball
2-1: Ground out 6-3 (Groundball, 6)
Batting: LHB John Haney 0-0: Ball
1-0: Ground out 4-3 (Groundball, 4)
Top of the 4th over - 0 runs, 0 hits, 0 errors, 0 left on base; Birmingham 2 - Chattanooga 1
BOTTOM OF THE 4TH
Chattanooga Chinpokomon batting - Pitching for Birmingham Barons : RHP Pedro Valdés
Batting: RHB Ricardo Salazar 0-0: Reached on error, E2 (Groundball, 2R)
Batting: RHB Ichizo Akiyama 0-0: Called Strike
0-1: Called Strike
0-2: Ball
1-2: Fly out, F6 (Flyball, 6D)
Batting: SHB Darrel Lang 0-0: Called Strike
0-1: Called Strike
0-2: Ball
1-2: Strikes out swinging
Batting: SHB Roberto Rivera 0-0: Called Strike
0-1: Swinging Strike
0-2: Ball
1-2: Strikes out swinging
Bottom of the 4th over - 0 runs, 0 hits, 1 error, 1 left on base; Birmingham 2 - Chattanooga 1
TOP OF THE 5TH
Birmingham Barons batting - Pitching for Chattanooga Chinpokomon : RHP Jorge Amador
Batting: RHB Warren Martin 0-0: Called Strike
0-1: Reached on error, E3 (Groundball, 34S)
Batting: RHB José Montoya 0-0: Ball
1-0: Foul Ball, location: 2F
1-1: Ball
2-1: Fly out, F6 (Popup, 6M)
Batting: LHB José Rivera 0-0: Ball
Warren Martin steals 2nd base
1-0: Ball
2-0: Foul Ball, location: 2F
2-1: Ball
3-1: Base on Balls
Batting: RHB Bryant von Bohlen 0-0: Called Strike
0-1: Ball
1-1: Called Strike
1-2: Ball
2-2: Fly out, F9 (Flyball, 9)
Batting: LHB Robinson López 0-0: Ball
1-0: Ball
2-0: Foul Ball, location: 2F
2-1: Ball
3-1: Base on Balls
Warren Martin to third
José Rivera to second
Batting: RHB Carlos Vásquez 0-0: Ball
1-0: Swinging Strike
1-1: Swinging Strike
1-2: Ball
2-2: Ball
3-2: Fly out, F8 (Flyball, 8LS)
Top of the 5th over - 0 runs, 0 hits, 1 error, 3 left on base; Birmingham 2 - Chattanooga 1
BOTTOM OF THE 5TH
Chattanooga Chinpokomon batting - Pitching for Birmingham Barons : RHP Pedro Valdés
Batting: LHB Elvin Summers 0-0: Ball
1-0: Foul Ball, location: 2F
1-1: Foul Ball, location: 2F
1-2: Ball
2-2: Ground out U3 (Groundball, 34S)
Batting: RHB Luis Antonio Velásquez 0-0: SINGLE (Line Drive, 7S)
Batting: LHB José Costa 0-0: SINGLE (Groundball, 6MD)
Luis Antonio Velásquez to second
Batting: LHB Ramiro Muñóz 0-0: Ball
1-0: Ball
2-0: Foul Ball, location: 2F
2-1: Foul Ball, location: 2F
2-2: SINGLE (Flyball, 89S)
Luis Antonio Velásquez to third
José Costa to second
Runner from 3rd tries for Home, SAFE, no throw
Batting: RHB Patrick Potts 0-0: Grounds into double play, 4-6-3 (Groundball, 4)
Bottom of the 5th over - 1 run, 3 hits, 0 errors, 1 left on base; Birmingham 2 - Chattanooga 2
TOP OF THE 6TH
Birmingham Barons batting - Pitching for Chattanooga Chinpokomon : RHP Jorge Amador
Pitching: RHP Renaldo Quilh
Batting: LHB Curt Walker 0-0: Called Strike
0-1: Ball
1-1: Foul Ball, location: 2F
1-2: Strikes out swinging
Batting: RHB Dean Bailey 0-0: Called Strike
0-1: Swinging Strike
0-2: Ball
1-2: Strikes out looking
Batting: LHB John Haney 0-0: Fly out, F7 (Flyball, 7S)
Top of the 6th over - 0 runs, 0 hits, 0 errors, 0 left on base; Birmingham 2 - Chattanooga 2
BOTTOM OF THE 6TH
Chattanooga Chinpokomon batting - Pitching for Birmingham Barons : RHP Pedro Valdés
Batting: RHB Ricardo Salazar 0-0: Swinging Strike
0-1: Swinging Strike
0-2: Foul Ball, location: 2F
0-2: Foul Ball, location: 2F
0-2: Foul Ball, location: 2F
0-2: Ball
1-2: Foul Ball, location: 2F
1-2: Foul Ball, location: 2F
1-2: DOUBLE (Groundball, 3L)
Pitching: LHP Richard Simpson
Batting: RHB Ichizo Akiyama 0-0: Called Strike
0-1: Foul Ball, location: 2F
0-2: Strikes out swinging
Batting: SHB Darrel Lang 0-0: Ball
1-0: Called Strike
1-1: Ground out 6-3 (Groundball, 6)
Batting: SHB Roberto Rivera 0-0: Swinging Strike
0-1: Swinging Strike
0-2: Ball
1-2: Strikes out swinging
Bottom of the 6th over - 0 runs, 1 hit, 0 errors, 1 left on base; Birmingham 2 - Chattanooga 2
TOP OF THE 7TH
Birmingham Barons batting - Pitching for Chattanooga Chinpokomon : RHP Renaldo Quilh
Batting: RHB Warren Martin 0-0: Called Strike
0-1: SINGLE (Groundball, 56D)
Batting: RHB José Montoya 0-0: Bunted foul
0-1: Sac Bunt - play at first, batter OUT! 2-4
Warren Martin to second
Batting: LHB José Rivera 0-0: Intentional Walk
Batting: RHB Bryant von Bohlen 0-0: Ball
1-0: Ball
2-0: Ball
3-0: Called Strike
3-1: Base on Balls
Warren Martin to third
José Rivera to second
Batting: LHB Robinson López 0-0: Called Strike
0-1: Ball
1-1: Called Strike
1-2: Foul Ball, location: 2F
1-2: Ball
2-2: Foul Ball, location: 2F
2-2: Strikes out swinging
Batting: RHB Carlos Vásquez 0-0: Foul Ball, location: 2F
0-1: Ball
1-1: Foul Ball, location: 2F
1-2: Ball
2-2: Fielders Choice at 2nd, 6-4 (Groundball, 6)
Top of the 7th over - 0 runs, 1 hit, 0 errors, 3 left on base; Birmingham 2 - Chattanooga 2
BOTTOM OF THE 7TH
Chattanooga Chinpokomon batting - Pitching for Birmingham Barons : LHP Richard Simpson
Pinch Hitting: RHB Felipe Rego 0-0: Foul Ball, location: 2F
0-1: Ball
1-1: Fly out, F5 (Popup, 15S)
Batting: RHB Luis Antonio Velásquez 0-0: Foul Ball, location: 2F
0-1: Ball
1-1: Foul Ball, location: 2F
1-2: Ground out 4-3 (Groundball, 4)
Pitching: RHP Guillermo Lozano
Batting: LHB José Costa 0-0: Called Strike
0-1: Ground out 4-3 (Groundball, 4M)
Bottom of the 7th over - 0 runs, 0 hits, 0 errors, 0 left on base; Birmingham 2 - Chattanooga 2
TOP OF THE 8TH
Birmingham Barons batting - Pitching for Chattanooga Chinpokomon : RHP Renaldo Quilh
Now in RF: Felipe Rego
Batting: LHB Curt Walker 0-0: Foul Ball, location: 2F
0-1: Swinging Strike
0-2: Ball
1-2: Ball
2-2: Ball
3-2: Base on Balls
Batting: RHB Dean Bailey 0-0: Ball
1-0: Ball
2-0: Bunted foul
2-1: Sac Bunt - play at first, batter OUT! 2-4
Curt Walker to second
Pitching: LHP Bob Quested
Pinch Hitting: RHB Juan Jiménez 0-0: Swinging Strike
0-1: Ball
1-1: Ball
2-1: Ball
3-1: Base on Balls
Pitching: RHP Alejandro Hernández
Batting: RHB Warren Martin 0-0: Ball
1-0: Ball
2-0: Called Strike
2-1: Ball
3-1: Foul Ball, location: 2F
3-2: Strikes out swinging
Pinch Hitting: LHB Al Gaines 0-0: Called Strike
0-1: Fly out, F5 (Popup, 5SF)
Top of the 8th over - 0 runs, 0 hits, 0 errors, 2 left on base; Birmingham 2 - Chattanooga 2
BOTTOM OF THE 8TH
Chattanooga Chinpokomon batting - Pitching for Birmingham Barons : RHP Guillermo Lozano
Now at 2B: Juan Jiménez
Now in LF: Bob Jones
Batting: LHB Ramiro Muñóz 0-0: Foul Ball, location: 2F
0-1: Ball
1-1: Called Strike
1-2: Foul Ball, location: 2F
1-2: Foul Ball, location: 2F
1-2: Ball
2-2: Ball
3-2: Foul Ball, location: 2F
3-2: Foul Ball, location: 2F
3-2: Foul Ball, location: 2F
3-2: Foul Ball, location: 2F
3-2: Ground out 4-3 (Groundball, 34D)
Batting: RHB Patrick Potts 0-0: Ball
1-0: SINGLE (Groundball, 6) (infield hit)
Batting: RHB Ricardo Salazar 0-0: Ball
1-0: Ground out 5-3 (Groundball, 5L)
Patrick Potts to second
Batting: RHB Ichizo Akiyama 0-0: Ground out 5-3 (Groundball, 56)
Bottom of the 8th over - 0 runs, 1 hit, 0 errors, 1 left on base; Birmingham 2 - Chattanooga 2
TOP OF THE 9TH
Birmingham Barons batting - Pitching for Chattanooga Chinpokomon : RHP Alejandro Hernández
Pitching: LHP Francisco Ríos
Batting: LHB José Rivera 0-0: Foul Ball, location: 2F
0-1: Ball
1-1: Swinging Strike
1-2: Strikes out swinging
Batting: RHB Bryant von Bohlen 0-0: Ball
1-0: Foul Ball, location: 2F
1-1: Called Strike
1-2: Ball
2-2: Fly out, F8 (Line Drive, 8LM)
Pinch Hitting: RHB Dave Dawson 0-0: Ball
1-0: Ball
2-0: Ball
3-0: Base on Balls
Batting: RHB Carlos Vásquez 0-0: Ball
1-0: Called Strike
1-1: Ball
2-1: Foul Ball, location: 2F
2-2: Foul Ball, location: 2F
2-2: Strikes out swinging
Top of the 9th over - 0 runs, 0 hits, 0 errors, 1 left on base; Birmingham 2 - Chattanooga 2
BOTTOM OF THE 9TH
Chattanooga Chinpokomon batting - Pitching for Birmingham Barons : RHP Guillermo Lozano
Now at 2B: Dave Dawson
Batting: SHB Darrel Lang 0-0: Ball
1-0: Called Strike
1-1: SINGLE (Groundball, 4D)
Batting: SHB Roberto Rivera 0-0: Ball
1-0: Sac Bunt - play at first, batter OUT! 1-4
Darrel Lang to second
Batting: RHB Felipe Rego 0-0: SINGLE (Groundball, 6MD)
Darrel Lang to third
Runner from 3rd tries for Home, SAFE, no throw
Saturday, December 16th, 2017 - OOTP Baseball 18.8 Build 76